Map: Cactus Valley LE (Void)

Players

Musumeci - Winner!

  • Race: Zerg Zerg
  • League: Diamond
  • Spawn Location: 1:00

MichyMoko

  • Race: Zerg Zerg
  • Spawn Location: 5:00

VOD

Have the link to the VOD?

Description

Time

  • Played on: March 31, 2017, 4:19 p.m.
  • Length: 9:42
Show
View Real Time Build Order
Export as new Build Order

Musumeci Zerg - Winner!

Build Orders: Hatch First 

Get SALT Encoding   

  12  0:00  Drone  
  13  0:13  Drone  
  14  0:23  Extractor  
  14  0:25  Overlord  
  13  0:32  Extractor  
  13  0:33  Drone  
  15  0:47  Drone  
  15  0:48  Drone  
  17  0:59  Hatchery  
  16  1:11  Drone  
  16  1:15  Spawning Pool  
  16  1:17  Extractor  
  15  1:19  Drone  
  15  1:23  Drone  
  17  1:27  Drone  
  18  1:33  Overlord  
  18  1:44  Drone  
  19  1:58  Drone  
  20  2:03  Queen  
  22  2:09  Zergling x2  
  22  2:12  Queen  
  25  2:24  Drone x3  
  25  2:27  Drone  
  29  2:32  Drone  
  29  2:33  Metabolic Boost  
  30  2:39  Queen  
  32  3:00  Zergling x2  
  32  3:01  Zergling x2  
  32  3:05  Zergling x4, Baneling Nest  
  34  3:06  Zergling x2  
  36  3:39  Overlord  
  36  3:40  Overlord  
  36  3:55  Baneling  
  36  3:56  Baneling  
  36  3:57  Baneling  
  36  4:07  Overlord x2  
  36  4:08  Drone x3  
  39  4:10  Zergling x8  
  41  4:39  Roach Warren  
  41  4:45  Drone  
  41  4:46  Drone x6  
  41  4:49  Lair, Extractor  
  41  4:52  Extractor  
  45  4:55  Evolution Chamber  
  43  5:10  Baneling x2  
  43  5:13  Baneling x2  
  39  5:20  Roach x4  
  46  5:35  Hatchery  
  44  5:45  Zerg Missile Weapons Level 1  
  44  5:47  Drone  
  44  5:48  Drone x7  
  51  6:01  Roach x3  
  57  6:19  Roach  
  57  6:20  Roach x3  
  65  6:31  Roach  
  67  6:33  Overlord x4  
  67  6:34  Overlord  
  67  6:35  Overlord  
  67  6:43  Glial Reconstitution  
  67  6:46  Roach x3  
  73  6:52  Roach x2  
  77  6:56  Roach x3  
  83  7:06  Roach x3  
  83  7:07  Overlord  
  83  7:08  Overlord x2  
  89  7:19  Roach  
  89  7:20  Roach x4  
  99  7:28  Roach  
  99  7:29  Roach x2  
  105  7:31  Zergling x10  
  110  7:50  Drone x2  
  110  7:51  Drone x4  
  98  8:20  Roach x10  
  112  8:28  Roach x3  
  96  8:53  Baneling x8  
Show
View Real Time Build Order
Export as new Build Order

MichyMoko Zerg 

Build Orders: Pool First 

Get SALT Encoding   

  12  0:01  Drone  
  13  0:16  Overlord  
  13  0:18  Drone  
  14  0:39  Drone x3  
  17  0:50  Drone  
  17  0:56  Spawning Pool  
  17  1:01  Extractor  
  17  1:02  Drone  
  17  1:22  Hatchery  
  16  1:30  Drone x2  
  18  1:34  Drone  
  19  1:49  Drone  
  19  1:52  Queen  
  22  1:56  Overlord  
  22  2:13  Metabolic Boost  
  22  2:16  Zergling x4  
  24  2:35  Queen  
  26  2:40  Zergling x4  
  26  2:41  Drone  
  29  2:45  Drone  
  29  2:51  Drone  
  30  2:59  Queen, Roach Warren  
  30  3:02  Zergling x2  
  32  3:11  Overlord  
  32  3:16  Zergling x2  
  32  3:17  Zergling x2  
  32  3:18  Zergling x4  
  35  3:43  Overlord x2  
  35  3:54  Overlord x2  
  35  4:03  Roach  
  35  4:04  Roach x3  
  43  4:15  Lair  
  43  4:21  Drone x2  
  43  4:22  Drone  
  43  4:23  Extractor  
  35  4:44  Drone  
  35  4:45  Drone x3  
  39  4:48  Zergling x10  
  44  5:01  Queen  
  44  5:27  Drone x2  
  44  5:28  Drone x8  
  54  5:42  Drone  
  51  5:43  Drone x3  
  49  5:58  Queen  
  49  6:03  Extractor x2  
  49  6:08  Roach x5  
  59  6:23  Overlord x2  
  59  6:25  Roach x3  
  65  6:28  Glial Reconstitution  
  65  6:50  Zergling x16  
  73  7:04  Roach x5  
  83  7:09  Overlord x2  
  83  7:28  Ravager x5  
  88  7:30  Hatchery  
  89  7:51  Roach x6  
  89  7:53  Overlord  
  84  8:16  Roach x6  
  61  8:27  Roach  
  61  8:28  Roach  
Tags
 
Add a new tag
Caveats
  • Supply blocks, unpowered buildings, or Contaminate may cause inaccurate times.
  • Supply counts are checked every 10 seconds.